 Dungeon Crawl Stone Soup version 0.21-a0-151-ga4fe563 (webtiles) character file.

298 Chaoticas the Caller (level 6, -1/41 HPs)
             Began as a Gnoll Summoner on July 30, 2017.
             Shot with an arrow by a centaur (11 damage)
             ... on level 4 of the Dungeon.
             The game lasted 00:17:51 (4741 turns).

Chaoticas the Caller (Gnoll Summoner)               Turns: 4741, Time: 00:17:51

Health: -1/41      AC:  8    Str:  7    XL:     6   Next: 35%
Magic:  1/13       EV: 10    Int:  7    God:
Gold:   135        SH:  0    Dex:  7    Spells: 4/14 levels left

rFire    . . .     SeeInvis .   d - +0 spear
rCold    . . .     Gourm    .   (no shield)
rNeg     . . .     Faith    .   w - +0 ring mail (curse)
rPois    .         Spirit   .   o - +0 helmet
rElec    .         Reflect  .   c - +0 cloak
rCorr    .         Harm     .   l - +0 pair of gloves (curse)
MR       .....                  (no boots)
Stlth    ..........             (no amulet)
HPRegen  0.13/turn              e - ring of loudness (curse)
MPRegen  0.13/turn              (no ring)

@: no status effects
A: unchanging attributes, fangs 1, strong nose
a: no special abilities


You were on level 4 of the Dungeon.
You were hungry.

You visited 1 branch of the dungeon, and saw 4 of its levels.

You collected 135 gold pieces.

Inventory:

Hand Weapons
 d - a +0 spear (weapon)
   (You found it on level 1 of the Dungeon)
 n - a +2 dagger of protection
   (You took it off a goblin on level 2 of the Dungeon)
Armour
 c - a +0 cloak (worn)
   (You found it on level 1 of the Dungeon)
 l - a cursed +0 pair of gloves (worn)
   (You found it on level 2 of the Dungeon)
 o - a +0 helmet (worn)
   (You took it off Robin on level 2 of the Dungeon)
 w - a cursed +0 ring mail (worn)
   (You found it on level 3 of the Dungeon)
 y - a +0 leather armour
   (You took it off an orc on level 4 of the Dungeon)
Jewellery
 e - a cursed ring of loudness (left hand)
   (You took it off an orc on level 4 of the Dungeon)
Wands
 v - a wand of digging (6/24)
   (You took it off an orc on level 4 of the Dungeon)
Scrolls
 h - 4 scrolls of identify {@r1}
 j - 2 scrolls of teleportation {@r4}
Potions
 f - 2 potions of mutation {unknown}
 g - a potion of flight {unknown}
 m - a potion of degeneration {unknown}
 p - 2 potions of curing {unknown}
 r - 2 potions of brilliance {unknown}
 u - a potion of haste {unknown}
Books
 b - a book of Callings
Comestibles
 k - a royal jelly
 q - 2 bread rations
 t - 4 fruits


   Skills:
 - Level 4.0 Polearms
 - Level 2.6 Dodging
 - Level 2.4 Stealth
 + Level 4.8 Spellcasting
 * Level 7.1 Summonings
 + Level 2.9 Ice Magic


You had 4 spell levels left.
You knew the following spells:

 Your Spells              Type           Power        Failure   Level  Hunger
a - Summon Small Mammal   Summ           ##..         5%          1    #......
b - Call Imp              Summ           ##......     9%          2    ###....
c - Call Canine Familiar  Summ           ##......     16%         3    ###....
d - Summon Ice Beast      Ice/Summ       #.......     77%         4    #####..


Dungeon Overview and Level Annotations

Branches:
Dungeon (4/15)
 Temple: D:4-7

Altars:
Zin
The Shining One


Innate Abilities, Weirdness & Mutations

Your physical attributes are unchanging.
You have very sharp teeth.
Your uncanny sense of smell can sniff out nearby items.


Message History

The arrow misses your white imp.
The quokka closely misses your white imp.
Your white imp closely misses the quokka.
A centaur comes into view. It is wielding a shortbow.
The giant cockroach closely misses you.
The centaur shoots an arrow.
The arrow hits your white imp!
Your white imp gestures at the quokka.
The puff of frost hits the quokka.
The quokka dies!
The giant cockroach bites you but does no damage.
Your white imp gestures at the giant cockroach.
The puff of frost hits the giant cockroach.
The giant cockroach dies!
The centaur shoots an arrow.
The arrow closely misses your white imp.
The arrow barely misses you.
You see here an arrow.
The centaur shoots an arrow.
The arrow hits your white imp!
Your white imp dies!
You see here a giant cockroach corpse.
The centaur shoots an arrow.
The arrow hits your white imp!!
Your white imp dies!
You see here an arrow.
You don't have enough magic to cast that spell.
You are feeling hungry.
The centaur shoots an arrow.
The arrow hits you but does no damage.
The centaur shoots an arrow.
The arrow completely misses you.
The centaur shoots an arrow.
The arrow closely misses your bat. The arrow hits you!
* * * LOW HITPOINT WARNING * * *
You see here an arrow.
The centaur shoots an arrow.
The arrow barely misses your bat. The arrow hits you but does no damage.
You see here an arrow.
The centaur shoots an arrow.
The arrow misses your bat. The arrow barely misses you.
You see here an arrow.
The centaur shoots an arrow.
The arrow closely misses your bat. The arrow hits you!
* * * LOW HITPOINT WARNING * * *
The centaur shoots an arrow.
The arrow hits your bat!
Your bat dies!
Your bat's corpse disappears in a puff of smoke!
The centaur shoots an arrow.
The arrow barely misses you.
You see here an arrow.
The centaur shoots an arrow.
The arrow closely misses your hound. The arrow barely misses you.
The centaur shoots an arrow.
The arrow closely misses your hound. The arrow hits you!
You die...

#.#.....[........##
#.##.........).....
#c.#######......#.#
######.#######........)
#...(ยงยงยง...............
#####..#######......#..
#.(...# #......##.
##h##...######..... #@##
#... #.#..# ###### #..# #.
..... #....# ##.## #..<.#
#..## . #....# ##.(# ...
#....# ##.###....
#....#######.....#..
#...................
#....#######.#######


You could see a centaur and a friendly hound.

Vanquished Creatures
  A hound (D:3)
  A worker ant (D:4)
  Natasha (D:2)
  A dart slug (D:1)
  A leopard gecko (D:2)
  An orc (D:4)
  4 bats
  A giant cockroach (D:4)
  3 hobgoblins
  2 kobolds (D:2)
  7 goblins
  6 rats
29 creatures vanquished.

Vanquished Creatures (collateral kills)
  An ogre (D:4)
  A scorpion (D:4)
  A howler monkey (D:4)
  An iguana (D:4)
  A worker ant (D:4)
  Robin (D:2)
  8 adders
  5 worms
  3 dart slugs (D:2)
  3 leopard geckos
  4 orcs
  3 giant cockroaches
  14 goblins
  10 hobgoblins
  3 jackals (D:3)
  5 kobolds
  5 quokkas
  A ball python (D:1)
  2 frilled lizards
  2 rats (D:2)
74 creatures vanquished.

Grand Total: 103 creatures vanquished

Notes
Turn   | Place    | Note
-------+----------+-------------------------------------------
     0 | D:1      | Chaoticas the Gnoll Summoner began the quest for the Orb.
     0 | D:1      | Reached XP level 1. HP: 13/13 MP: 4/4
   157 | D:1      | Found a glowing golden altar of the Shining One.
   795 | D:1      | Reached skill level 1 in Polearms
   795 | D:1      | Reached XP level 2. HP: 19/19 MP: 6/6
   959 | D:1      | Learned a level 2 spell: Call Imp
  1285 | D:2      | Reached XP level 3. HP: 13/24 MP: 2/7
  1652 | D:2      | Learned a level 3 spell: Call Canine Familiar
  1964 | D:2      | Noticed Robin
  2018 | D:2      | Killed Robin
  2018 | D:2      | Reached XP level 4. HP: 13/30 MP: 1/10
  2615 | D:2      | Noticed Natasha
  2642 | D:2      | Killed Natasha
  2642 | D:2      | Reached skill level 6 in Summonings
  2804 | D:2      | Learned a level 4 spell: Summon Ice Beast
  3194 | D:3      | Found a glowing silver altar of Zin.
  3280 | D:3      | Reached skill level 1 in Ice Magic
  3280 | D:3      | Reached XP level 5. HP: 32/35 MP: 4/11
  3866 | D:4      | HP: 1/35 [iguana (6)]
  4663 | D:4      | Reached XP level 6. HP: 36/41 MP: 5/13
  4703 | D:4      | Reached skill level 7 in Summonings
  4741 | D:4      | Shot with an arrow by a centaur

Vault maps used:
D:1:      lemuel_arrival_lava_pool, tso_altar
D:2:      first_bread, uniq_robin, uniq_natasha
D:3:      zin_statuary, st_stairs_3

Skill      XL: |  1  2  3  4  5  6 |
---------------+-------------------+-----
Polearms       | 1 2 3 4 |  4.0
Spellcasting   | 4 |  4.8
Summonings     | 6 7 |  7.1
Ice Magic      | 1 2 |  2.9
Dodging        | |  2.6
Stealth        | |  2.4

Action                   |  1- 3 |  4- 6 || total
-------------------------+-------+-------++-------
Melee: Spear             |    87 |   138 ||   225
       Unarmed           |     4 |       ||     4
       Bite              |     2 |     5 ||     7
 Cast: Summon Small Mamm |    24 |     3 ||    27
       Call Imp          |    15 |    18 ||    33
       Call Canine Famil |     4 |    26 ||    30
  Use: Scroll            |       |     5 ||     5
 Stab: Sleeping          |     1 |     1 ||     2
       Distracted        |       |     1 ||     1
  Eat: Chunk             |     5 |     9 ||    14
       Bread ration      |       |     1 ||     1
Armor: Robe              |    17 |    24 ||    41
       Ring mail         |       |    16 ||    16
Dodge: Dodged            |    53 |    84 ||   137
